 Dungeon Crawl Stone Soup version 0.28-a0-628-g3c9886e45e (webtiles) character file.

Game seed: 15727895681724987591

13248 lawman0 the Severer (level 11, -6/89 HPs)
             Began as a Palentonga Berserker on Oct 8, 2021.
             Was a High Priest of Trog.
             Mangled by a boulder beetle (52 damage)
             ... on level 2 of the Lair of Beasts.
             The game lasted 00:17:37 (10089 turns).

lawman0 the Severer (Palentonga Berserker)         Turns: 10089, Time: 00:17:38

Health: -6/89      AC: 18    Str: 23    XL:     11   Next: 73%
Magic:  2/2        EV:  9    Int: 12    God:    Trog [*****.]
Gold:   189        SH:  5    Dex: 10    Spells: 10/10 levels left

rFire   . . .      SeeInvis +   v - +5 battleaxe (freeze)
rCold   . . .      Faith    .   (shield currently unavailable)
rNeg    + . .      Spirit   .   x - +0 scale mail of Wielown {rN+ Will+ MP-9 Int+4}
rPois   .          Reflect  +   E - +0 helmet
rElec   .          Harm     .   g - +1 cloak
rCorr   .          Rampage  .   (no gloves)
Will    +....                   (no barding)
Stlth   ..........              m - amulet of reflection
HPRegen 0.24/turn               d - +4 ring of slaying
MPRegen 0.08/turn               C - ring of flight

@: on berserk cooldown, flying, slowed, curled up, very slow
A: large, rugged brown scales 3, see invisible, deformed body, roll 1, armoured
tail, reflexive curl
a: Rolling Charge, Renounce Religion, Berserk, Trog's Hand, Brothers in Arms


You were on level 2 of the Lair of Beasts.
You worshipped Trog.
Trog was extremely pleased with you.
You visited 2 branches of the dungeon, and saw 10 of its levels.
You also visited: Ossuary.

You collected 578 gold pieces.
You spent 389 gold pieces at shops.

Inventory:

Hand Weapons
 v - a +5 battleaxe of freezing (weapon)
Missiles
 a - 51 poisoned darts
 y - 16 boomerangs (quivered)
 F - 6 curare-tipped darts
Armour
 g - a +1 cloak (worn)
 t - +0 gold dragon scales
 w - the +3 pair of gloves "Ocwapp" {rC- rN+ Str+3}
   (You found it on level 4 of the Dungeon)

   Str:       It affects your strength (+3).
   rC:        It makes you vulnerable to cold.
   rN:        It protects you from negative energy.
 x - the +0 scale mail of Wielown (worn) {rN+ Will+ MP-9 Int+4}
   (You bought it in a shop on level 7 of the Dungeon)

   Int:       It affects your intelligence (+4).
   rN:        It protects you from negative energy.
   MP:        It affects your magic capacity (-9).
   Will:      It increases your willpower.
 E - a +0 helmet (worn)
Jewellery
 d - a +4 ring of slaying (left hand)
 m - an amulet of reflection (around neck)
 C - a ring of flight (right hand)
 G - the necklace of Bloodlust {*Rage Will++ Int-3 Slay+6}
   (You found it on level 7 of the Dungeon)

   [amulet of nothing]

   It extends the wearer's berserk rage when killing foes.
   Int:       It affects your intelligence (-3).
   Slay:      It affects your accuracy & damage with ranged weapons and melee
   (+6).
   *Rage:     It berserks you when you make melee attacks (+50% chance).
   Will:      It greatly increases your willpower.
 I - a ring of resist corrosion
Wands
 i - a wand of polymorph (19)
 j - a wand of flame (17)
 p - a wand of iceblast (23)
Scrolls
 e - a scroll of magic mapping {unknown}
 f - 2 scrolls of enchant armour
 n - a scroll of vulnerability
 o - a scroll of fog
 A - 5 scrolls of teleportation
 B - a scroll of fear
 H - a scroll of silence
Potions
 b - 4 potions of heal wounds
 c - 3 potions of attraction {unknown}
 h - 3 potions of haste
 k - a potion of magic {unknown}
 l - 2 potions of mutation
 q - 5 potions of curing
 r - 2 potions of might {unknown}
 s - a potion of invisibility {unknown}
 u - a potion of degeneration {unknown}
 z - a potion of flight {unknown}
 D - 2 potions of lignification {unknown}


   Skills:
 + Level 7.4 Fighting
 * Level 15.3 Axes
 + Level 1.2 Throwing
 + Level 6.7 Armour
 + Level 3.6 Dodging
 + Level 0.3 Shields
 + Level 1.2 Evocations


You had 10 spell levels left.
You didn't know any spells.
Your spell library was empty.

Dungeon Overview and Level Annotations

Branches:
Dungeon (8/15)             Temple (0/1) D:6            Lair (2/6) D:8
Ossuary (visited)
  Swamp: Lair:2-4    Shoals: Lair:2-4     Snake: Lair:2-4    Spider: Lair:2-4

Altars:
Cheibriados
Dithmenos
Hepliaklqana
Wu Jian

Shops:
D:4 :   D:7 [*=

Annotations:
D:2 Natasha
D:6 2 transporters


Innate Abilities, Weirdness & Mutations

You are completely covered in rugged brown scales. (AC +3, +7% HP)
You have supernaturally acute eyesight. (SInv)
Armour fits poorly on your strangely shaped body.
You can roll at nearby foes to attack.
You have a long armoured tail.
You curl defensively after being hit.


Message History

A rime drake comes into view.
A rime drake is nearby!
A rime drake is nearby!
Found a scroll of vulnerability.
A boulder beetle comes into view.
Found a scroll of amnesia.
The boulder beetle curls into a ball and begins rolling!
The boulder beetle hits you!!
The boulder beetle stops rolling and uncurls.
A red film seems to cover your vision as you go berserk!
You feel yourself moving faster!
You feel mighty!
The boulder beetle leaps!
You feel a strong urge to attack something.
The boulder beetle curls into a ball and begins rolling!
You feel your anger nearly subside.
You see here a black mamba corpse.
You are no longer berserk.
You are exhausted.
You feel yourself slow down. The boulder beetle hits you.
The boulder beetle stops rolling and uncurls.
You hit the boulder beetle. You freeze the boulder beetle.
The boulder beetle is lightly wounded.
The boulder beetle bites you.
You are too injured to fight recklessly!
Okay, then.
As you read the scroll of fear, it crumbles to dust.
You assume a fearsome visage.
The boulder beetle looks frightened!
The boulder beetle leaps! x2
You see here a black mamba corpse.
You catch the helpless rime drake completely off-guard!
You slice the rime drake!! You freeze the rime drake.
You tail-slap the rime drake.
You kill the rime drake!
Trog accepts your kill.
The boulder beetle seems to regain its courage.
The boulder beetle curls into a ball and begins rolling!
You see here a rime drake corpse.
Unknown command.
The boulder beetle hits you!!!
Ouch! That really hurt!
You die...

#.....P..P.#.....?#.
....................
#...................
#............#..?....
...........°.#.......
#P...#...†..○+.............
.+...#......○#............. ##
.P...#.†#####B.............
.####...........@.....P.....#.
..............................
...............................>
...............................
..............................
........÷.............####...#
........###..#####.....#####.#
..##P...##.#.####.....#......# .
####.....#.......#....##.....##..


You could see a boulder beetle (rolling).

Vanquished Creatures
  A hydra (Lair:1)
  Sonja (Lair:1)
  2 deep elf pyromancers
  A cyclops (D:8)
  3 elephants (Lair:2)
  Maurice (D:8)
  A black mamba (Lair:2)
  2 cane toads
  An unseen horror (D:7)
  A rime drake (Lair:2)
  3 komodo dragons
  A shadow (D:6)
  A wyvern (D:8)
  A wraith (D:7)
  9 yaks
  2 basilisks (Lair:1)
  A vampire mosquito (D:7)
  An acid dragon (D:8)
  2 water moccasins
  An ice beast (D:6)
  4 necrophages
  An orc warrior (D:8)
  A black bear (D:5)
  2 ogres
  6 centaurs
  3 kobold brigands
  3 bullfrogs
  A wyvern zombie (D:7)
  2 water moccasin zombies
  8 scorpions
  A water moccasin skeleton (D:6)
  14 wights
  5 killer bees (D:8)
  An electric eel (D:8)
  A howler monkey (D:4)
  4 centaur zombies
  A human zombie (Ossuary)
  3 jellies
  3 hounds
  A centaur skeleton (D:7)
  2 orc priests
  Crazy Yiuf (D:2)
  Natasha (D:2)
  Jessica (D:3)
  4 scorpion zombies (Ossuary)
  Ijyb (D:3)
  6 orc wizards
  A killer bee zombie (D:8)
  A hound zombie (D:5)
  A howler monkey zombie (D:8)
  4 mummies
  5 adders
  A white imp (D:8)
  3 ufetubi
  An adder skeleton (D:4)
  3 worms
  A dart slug (D:1)
  16 orcs
  4 bats
  7 endoplasms
  A giant cockroach (D:3)
  2 gnoll zombies (Ossuary)
  14 goblins
  6 hobgoblins
  5 quokkas
  7 ball pythons
  4 frilled lizards (D:1)
  A goblin zombie (Ossuary)
  3 hobgoblin zombies
  25 kobolds
  5 kobold zombies
  4 orc zombies (Ossuary)
  4 rats
246 creatures vanquished.

Vanquished Creatures (collateral kills)
  A hydra (D:8)
1 creature vanquished.

Vanquished Creatures (others)
  5 fungi
  19 plants
24 creatures vanquished.

Grand Total: 271 creatures vanquished

Notes
Turn   | Place    | Note
-------+----------+-------------------------------------------
     0 | D:1      | lawman0 the Palentonga Berserker began the quest for the
                  | Orb.
     0 | D:1      | Reached XP level 1. HP: 19/19 MP: 1/1
   197 | D:1      | lmao
   203 | D:1      | BLOOd
   203 | D:1      | BLOOOOOOOOOOOOOOOOOOOOOOOOOOOOOOD
   381 | D:1      | Reached XP level 2. HP: 9/25 MP: 2/2
   635 | D:1      | Found a faded altar of an unknown god.
   768 | D:1      | Reached ** piety under Trog
   999 | D:1      | Reached XP level 3. HP: 31/31 MP: 3/3
  1323 | D:2      | Noticed Natasha
  1330 | D:2      | Reached skill level 4 in Axes
  1331 | D:2      | Killed Natasha
  1390 | D:2      | Reached XP level 4. HP: 37/37 MP: 4/4
  1653 | D:2      | Noticed Natasha
  1791 | D:2      | Found a runed translucent door.
  1792 | D:2      | Noticed Crazy Yiuf
  1799 | D:2      | Killed Crazy Yiuf
  2360 | D:3      | Noticed Jessica
  2361 | D:3      | Noticed Ijyb
  2368 | D:3      | Killed Jessica
  2369 | D:3      | Reached skill level 5 in Axes
  2369 | D:3      | Reached XP level 5. HP: 43/43 MP: 5/5
  2373 | D:3      | Killed Ijyb
  2401 | D:3      | You fall into a shaft and drop 2 floors!
  2401 | D:5      | Entered Level 5 of the Dungeon
  2484 | D:5      | Noticed a centaur
  2493 | D:5      | Killed a centaur
  2494 | D:5      | Reached skill level 6 in Axes
  2494 | D:5      | Reached XP level 6. HP: 38/51 MP: 6/6
  2584 | D:5      | Found a sand-covered staircase.
  2596 | Ossuary  | Entered an ossuary
  2680 | Ossuary  | Reached *** piety under Trog
  2692 | Ossuary  | Gained mutation: You curl defensively after being hit.
                  | [Palentonga growth]
  2692 | Ossuary  | Reached XP level 7. HP: 22/56 MP: 7/7
  2904 | Ossuary  | Reached skill level 7 in Axes
  3344 | Ossuary  | Reached skill level 8 in Axes
  3405 | Ossuary  | Reached XP level 8. HP: 50/65 MP: 8/8
  3903 | D:5      | Identified the +1 leather armour of the Bagpipe {rElec
                  | Dex+3 Slay+3 Stlth+}
  3971 | D:5      | You fall into a shaft and drop 1 floor!
  4105 | D:4      | no fucking way
  4106 | D:4      | lmfao
  4112 | D:4      | lol it's real
  4125 | D:4      | yoink
  4148 | D:4      | Reached skill level 9 in Axes
  4148 | D:4      | Reached **** piety under Trog
  4152 | D:4      | Reached skill level 5 in Fighting
  4161 | D:4      | lmao
  4233 | D:4      | AXE
  4282 | D:4      | Found a hazy altar of Hepliaklqana.
  4509 | D:4      | Found Wawiob's Book Emporium.
  4521 | D:4      | Identified the +3 pair of gloves "Ocwapp" {rC- rN+ Str+3}
  4522 | D:4      | lmao
  4574 | D:4      | Found a snail-covered altar of Cheibriados.
  5169 | D:3      | Found an ornate altar of the Wu Jian Council.
  5404 | D:5      | Reached XP level 9. HP: 71/72 MP: 9/9
  5631 | D:6      | Reached skill level 10 in Axes
  5673 | D:6      | Noticed an orc sorcerer
  5750 | D:6      | Noticed a kobold demonologist
  5752 | D:6      | Found a transporter.
  5764 | D:6      | Found a transporter.
  5771 | D:6      | Found a staircase to the Ecumenical Temple.
  6157 | D:7      | Reached skill level 11 in Axes
  6346 | D:7      | Noticed a deep elf pyromancer
  6357 | D:7      | Killed a deep elf pyromancer
  6357 | D:7      | Reached ***** piety under Trog
  6358 | D:7      | Reached skill level 5 in Armour
  6358 | D:7      | Found the necklace of Bloodlust {*Rage Will++ Int-3 Slay+6}
  6365 | D:7      | lol
  6366 | D:7      | Noticed an unseen horror
  6374 | D:7      | Killed an unseen horror
  6491 | D:7      | Reached skill level 12 in Axes
  6491 | D:7      | Reached XP level 10. HP: 81/81 MP: 10/10
  6823 | D:7      | Found Onorph's Jewellery Emporium.
  6859 | D:7      | Found Putasi's General Store.
  6869 | D:7      | Found Ufoapash's Antique Armour Shoppe.
  6883 | D:7      | Bought a scroll of noise for 14 gold pieces
  6883 | D:7      | Bought a potion of curing for 42 gold pieces
  6901 | D:7      | Bought a crude scale mail for 333 gold pieces
  6901 | D:7      | Identified the +0 scale mail of Wielown {rN+ Will+ MP-9
                  | Int+4} (You bought it in a shop on level 7 of the Dungeon)
  7293 | D:8      | Reached skill level 13 in Axes
  7540 | D:8      | Noticed a four-headed hydra
  7560 | D:8      | Killed a four-headed hydra
  8158 | D:8      | Found a staircase to the Lair.
  8189 | D:8      | Found a shadowy altar of Dithmenos.
  8239 | D:8      | Noticed a deep elf pyromancer
  8249 | D:8      | Killed a deep elf pyromancer
  8249 | D:8      | Noticed Maurice
  8253 | D:8      | Killed Maurice
  8254 | D:8      | Reached XP level 11. HP: 88/88 MP: 2/11
  8307 | D:8      | Reached skill level 14 in Axes
  8521 | Lair:1   | Entered Level 1 of the Lair of Beasts
  8526 | Lair:1   | Noticed Sonja
  8558 | Lair:1   | Killed Sonja
  9253 | Lair:1   | Noticed a six-headed hydra
  9262 | Lair:1   | Killed an eight-headed hydra
  9263 | Lair:1   | Reached skill level 1 in Evocations
  9716 | Lair:2   | Reached skill level 1 in Throwing
  9813 | Lair:2   | Reached skill level 15 in Axes
 10074 | Lair:2   | Noticed a boulder beetle
 10089 | Lair:2   | Mangled by a boulder beetle

Illustrated notes ######### ..g.....# . #.##.### #@# #. ......# #.# .# ...#.#.# #.# .##..#....# #.# ..#..#....## #.# ..#..#..#..# #.# .....###...#####.##### <.#..................# ..#.......############ Turn 197 on D:1: lmao ...########## .......@†...# . . #.##.########.# .#. ......# #.# #.# ...#.#.# #.# ##.##..#....# #.# . #...#..#....## #.# ..#...#..#..#..# #.# .........###...#####.##### ..#.<.#..................# Turn 203 on D:1: BLOOd #......##...# ..##.....##....## .........#......# ..$.............. ....#..z.>...#.. ....##.......# ............## ..#....#### .. #..@.# #...##..# ..... ....# .... .....# ....... ......).. ....#[...$. .....##...### Turn 4105 on D:4: no fucking way #......##...# ..##.....##....## .........#......# ................. ....#....>...#.. ....##..z....# ............## ..#....#### .. #...@# #...##..# ..........# ..........# .......... ........).. #....#[...$. .....##...### Turn 4106 on D:4: lmfao ............## ....#....#### ...##....# ##...##..## # ..........# .# .......z..#..#.. :............... .........)...... .#....#@...$.#.. ......##...### # ..#### ##### . Turn 4112 on D:4: lol it's real ............## ....#....#### ...##....# ##...##..## ## # ..........##.# .#. ..........#..#.... :.......)......... .........)........ .#....#@...$.#... ......##...### # ..#### ##### . Turn 4125 on D:4: yoink ##..... .# ....... .. ....... #.... ..... ....... ##....##.... .......#.......$... .# .>....... #.......# ..# #......# #.......# ..## .#.....)####......##...# #......@).##.....##....# .......).........#...... ..........$............. ##..........#....>...#.. ............##.......# ....................## ............#....#### ...........##....# .......##...##..## ## # Turn 4161 on D:4: lmao ##..... .# ....... ...... ..... ....... #..... ..$.. ....... ##....##..... .......#.......$.... .# .>....... #.......# ..# #......# #.......# ..## .#.....)####......##...# #......)).##.@...##....## .......).........#......# ..........$.............. ##..........#....>...#.. ............##.......# ....................## ............#....#### ...........##....# ........##...##..## ## ## # Turn 4233 on D:4: AXE

..........#####...........P..§..#
.............#........)........P.
#...............##...##.....§....
#..............####..###.....(...
#...............# ##..##..†......
.........##..#.### ........§.....
.....#.#.....#...###........?†...
...<.###.....##...##.........).##
...... #....⌠.⌠.@............[##
.##..##....#.∩...###.........[###
# ......##..⌠.⌠..# #..........)#.
##..##. #..#.....##........)....
..##...........##...†...
........................ ........
#.....#......
........###....##......
.......#..............


Turn 4522 on D:4: lmao #.###..##..... ###..##.......... ..#..)...##....#.
##.#..########### #..#..# ##.#..# #.....# ##5#..# #@.#..# ##(#..# ..#..# ###..#
...# ..# Turn 6365 on D:7: lol

Levels and vault maps discovered:
D:1:      erik_arrival_blinker_ship, layout_basic,
          shapermc_ecumenical_altar_mp_urbaneastern, minmay_surrounded
D:2:      layout_basic, corexii_hall_statues_deadend, moated_statue,
          kennysheep_nub, uniq_natasha, uniq_crazy_yiuf_cottage
D:3:      layout_loops_cross, lemuel_doored_altar, uniq_jessica, uniq_ijyb
D:4:      layout_cave_pools, mainiacjoe_overflow_alcove_2,
          nicolae_hepliaklqana_hazy_memory, serial_shops, shop_fountains
D:5:      layout_basic, nicolae_ossuary_entry_giza, supply_closet_lemuel,
          dk_noncrumbling_3, minmay_misc_feat_plants
D:6:      gammafunk_wand_slinger, layout_rooms, temple_statues
D:7:      layout_rooms, serial_shops, nicolae_shop_overgrown_old_shop,
          nicolae_shop_waterfront, shop, minmay_the_grid_2x2
          [minmay_the_grid_slots, minmay_the_grid_spikes,
          minmay_the_grid_plusring, minmay_the_grid_prize_big_room]
D:8:      wad_river_or_something, layout_basic, grunt_dithmenos_smoke,
          lair_entry_dummy, kb_rosetta, uniq_maurice
Lair:1:   layout_chaotic_city, grunt_forest_large_clearing_hut, uniq_sonja
Lair:2:   layout_regular_city, skrybe_swamp_entry_bodies,
          nicolae_spider_entry_orb_guardian, uniq_urug

Skill      XL: |  1  2  3  4  5  6  7  8  9 10 11 |
---------------+----------------------------------+-----
Axes           | 4 5 6 8 9 12 13 15 | 15.3
Dodging        | 2 3 |  3.6
Armour         | 2 3 4 5 6 |  6.7
Fighting       | 4 5 6 7 |  7.4
Evocations     | 1 |  1.2
Throwing       | 1 |  1.2
Shields        | |  0.3

Action                   |  1- 3 |  4- 6 |  7- 9 | 10-12 || total
-------------------------+-------+-------+-------+-------++-------
Melee: Hand axe          |    90 |    93 |   100 |       ||   283
       Tailslap          |     3 |    23 |    23 |    22 ||    71
       Battleaxe         |       |       |   107 |   146 ||   253
Throw: Boomerang         |       |       |     8 |     8 ||    16
Invok: Berserk           |     4 |     6 |    11 |     4 ||    25
       Trog's Hand       |       |     1 |       |     1 ||     2
       Brothers in Arms  |       |       |       |     1 ||     1
 Abil: Rolling Charge    |       |       |     2 |       ||     2
Evoke: Wand              |       |       |     4 |    10 ||    14
  Use: Scroll            |       |     2 |     8 |     7 ||    17
       Potion            |       |       |       |     1 ||     1
 Stab: Distracted        |       |       |       |     1 ||     1
Armor: Animal skin       |     8 |       |       |       ||     8
       Leather armour    |    21 |     5 |       |       ||    26
       Scale mail        |       |    44 |   107 |    80 ||   231
Dodge: Dodged            |    39 |    56 |    71 |    59 ||   225
Block: Other             |       |       |       |     8 ||     8
       Reflection        |       |       |       |     1 ||     1

Table legend: (Time is in decaauts)
 A = Elapsed time spent in this place.
 B = Non-inter-level travel time spent in this place.
 C = Inter-level travel time spent in this place.
 D = Time resting spent in this place.
 E = Time spent auto-exploring this place.
 F = Levels seen in this place.
 G = Mean time per level.
                   A        B        C        D        E       F      G
               +--------+--------+--------+--------+--------+-----+--------+
         Total |  10536 |  10291 |    245 |   1416 |   6780 |  11 |  957.8 |
       Dungeon |   7917 |   7679 |    238 |    855 |   5110 |   8 |  989.6 |
          Lair |   1501 |   1494 |      7 |    135 |   1199 |   2 |  750.5 |
       Ossuary |   1117 |   1117 |      0 |    426 |    471 |   1 | 1117.0 |
               +--------+--------+--------+--------+--------+-----+--------+

Top non-repeatable levels by time:
     D:8: 1597 daAuts
     D:7: 1223 daAuts
     D:1: 1214 daAuts
 Ossuary: 1117 daAuts
     D:3: 945 daAuts
  Lair:1: 945 daAuts
     D:5: 861 daAuts
     D:4: 830 daAuts
     D:2: 761 daAuts
  Lair:2: 556 daAuts
     D:6: 482 daAuts
